 Dungeon Crawl Stone Soup version 0.27.1 (webtiles) character file.

Game seed: 10726931598838793079

22050 Kala the Swashbuckler (level 13, -1/82 HPs)
             Began as a Kobold Berserker on Aug 30, 2021.
             Was a Priest of Trog.
             Slain by an ettin (18 damage)
             ... on level 2 of the Orcish Mines.
             The game lasted 01:15:48 (15043 turns).

Kala the Swashbuckler (Kobold Berserker)           Turns: 15043, Time: 01:15:48

Health: -1/82      AC: 16    Str: 30    XL:     13   Next: 24%
Magic:  13/13      EV: 15    Int:  8    God:    Trog [***...]
Gold:   1055       SH: 17    Dex: 16    Spells: 12/12 levels left

rFire    . . .     SeeInvis .   H - +5 dagger (elec)
rCold    . . .     Faith    .   b - +0 kite shield
rNeg     . . .     Spirit   .   r - quicksilver dragon scales
rPois    +         Reflect  +   (helmet restricted)
rElec    .         Harm     .   e - +0 cloak
rCorr    .         Rampage  .   g - +0 pair of gloves
Will     +....                  (no boots)
Stlth    +++++.....             y - amulet of reflection
HPRegen  0.23/turn              o - +6 ring of strength
MPRegen  0.13/turn              n - +6 ring of strength

@: studying Short Blades
A: small, no large weapons, nightstalker 3, antennae 1, iridescent scales 1,
poison resistance
a: Renounce Religion, Berserk, Trog's Hand


You were on level 2 of the Orcish Mines.
You worshipped Trog.
Trog was most pleased with you.
You visited 3 branches of the dungeon, and saw 15 of its levels.

You collected 1055 gold pieces.

Inventory:

Hand Weapons
 a - the +4 arbalest "Beetle's Death" {freeze, Str+4}
   (You acquired it on level 8 of the Dungeon)

   Any ammunition fired from it freezes those it strikes, dealing additional
   cold damage.
   It can also slow down cold-blooded creatures.
   Str:       It affects your strength (+4).
 H - a +5 dagger of electrocution (weapon)
Missiles
 u - 17 bolts
Armour
 b - a +0 kite shield (worn)
 e - a +0 cloak (worn)
 g - a +0 pair of gloves (worn)
 r - quicksilver dragon scales (worn)
Jewellery
 n - a +6 ring of strength (right hand)
 o - a +6 ring of strength (left hand)
 p - a ring of fire
 q - an amulet of guardian spirit
 w - a +4 ring of evasion
 y - an amulet of reflection (around neck)
 G - an amulet of magic regeneration
Wands
 k - a wand of mindburst (14)
 l - a wand of paralysis (18)
 C - a wand of iceblast (7)
 D - a wand of acid (7)
 F - a wand of digging (4)
Scrolls
 c - 5 scrolls of identify
 i - 2 scrolls of immolation
 j - a scroll of enchant weapon
 m - 5 scrolls of magic mapping
 t - a scroll of vulnerability
 A - 2 scrolls of amnesia
 E - a scroll of blinking {unknown}
Potions
 f - 4 potions of magic
 h - a potion of resistance
 s - 2 potions of lignification
 v - a potion of attraction
 x - 2 potions of flight
 z - 5 potions of brilliance
 B - 3 potions of degeneration


   Skills:
 * Level 10.2 Fighting
 * Level 15.8 Short Blades
 * Level 9.1 Crossbows
 + Level 6.2 Armour
 + Level 6.3 Dodging
 * Level 11.5 Stealth
 * Level 6.4 Shields
 + Level 0.1 Evocations


You had 12 spell levels left.
You didn't know any spells.
Your spell library contained the following spells:

 Spells                   Type           Power      Damage    Failure   Level
 Slow                     Hex            0%         N/A       98%         2
 Confusing Touch          Hex            0%         N/A       100%        3
 Gell's Gravitas          Tloc           0%         N/A       100%        3
 Ignite Poison            Fire/Tmut/Pois 0%         N/A       100%        3
 Mephitic Cloud           Conj/Pois/Air  0%         N/A       100%        3
 Ozocubu's Armour         Ice            0%         N/A       100%        3
 Teleport Other           Tloc           0%         N/A       100%        3
 Vampiric Draining        Necr           0%         2d6       100%        3
 Animate Armour           Summ/Erth      0%         N/A       100%        4
 Hailstorm                Conj/Ice       0%         3d3       100%        4
 Ice Form                 Ice/Tmut       0%         N/A       100%        4
 Blade Hands              Tmut           0%         N/A       100%        5
 Bolt of Magma            Conj/Fire/Erth 0%         4d4       100%        5
 Dispersal                Tloc           0%         N/A       100%        6
 Iron Shot                Conj/Erth      0%         9d1       100%        6
 Simulacrum               Ice/Necr       0%         N/A       100%        6
 Ozocubu's Refrigeration  Ice            0%         4d5       100%        7
 Disjunction              Tloc           0%         N/A       100%        8


Dungeon Overview and Level Annotations

Branches:
Dungeon (12/15)            Temple (1/1) D:4            Lair (0/6) D:9
    Orc (2/2) D:11
    Elf: Orc:2

Altars:
Ashenzari
Cheibriados
Dithmenos
Elyvilon
Fedhas
Gozag
Hepliaklqana
Kikubaaqudgha
Makhleb
Nemelex Xobeh
Okawaru
Qazlal
Ru
Sif Muna
Trog
Uskayaw
Vehumet
Wu Jian
Xom
Yredelemnul
Zin
The Shining One

Shops:
D:2 *   D:9 =   Orc:1 !


Innate Abilities, Weirdness & Mutations

You are small and have problems with some larger weapons.
You are completely attuned to the shadows.
You have a pair of small antennae on your head.
You are partially covered in iridescent scales. (AC +2)
Your system is resistant to poisons. (rPois)


Message History

You block the two-headed ogre's attack.
You hit the two-headed ogre.
You kill the two-headed ogre!
Trog accepts your kill.
Things that are here:
a +0 giant club; a +0 giant club An ettin comes into view.
It is wielding a +4 dire flail and a +0 dire flail.
The ettin shouts in stereo!
You hear a shout! x2
You see here 29 gold pieces.
You now have 1055 gold pieces (gained 29).
An orc comes into view. It is wielding a +0 hand axe.
You barely miss the ettin. The ettin barely misses you.
You block the ettin's attack.
You hit the ettin but do no damage. You hit the ettin but do no damage.
The ettin hits you with a +4 dire flail!!!
You block the ettin's attack.
You hear a shout!
You hit the ettin.
The ettin is lightly wounded.
You block the ettin's attack. x2
You hit the ettin but do no damage. Lightning courses through the ettin!
The ettin is lightly wounded.
You block the ettin's attack. x2; The orc hits you but does no damage.
Okay, then.
You completely miss the ettin.
The ettin is lightly wounded.
You hit the ettin but do no damage.
The ettin is lightly wounded.
You block the ettin's attack. x2; The orc hits you but does no damage.
You hit the ettin but do no damage.
The ettin is lightly wounded.
The ettin hits you with a +4 dire flail!!
* * * LOW HITPOINT WARNING * * *
The ettin closely misses you. You block the orc's attack.
You hit the ettin but do no damage.
The ettin is lightly wounded.
You block the orc's attack.
The ettin hits you with a +4 dire flail!!
You die...

.......#
.......#
.........#
.....o..##
.....C@..#
.........#
....<.)..#
.........#
.........#
$.......##
........#


You could see an ettin and an orc.

Vanquished Creatures
  Josephine (Orc:1)
  The ghost of Tutankhamun the Fighter, a journeyman DsGl of Ashenzari (Orc:1)
  A boulder beetle (D:10)
  A hydra (D:10)
  2 centaur warriors
  3 two-headed ogres
  Pikel (D:7)
  A lindwurm (Orc:1)
  A cyclops (D:10)
  A deep elf pyromancer (D:8)
  Maurice (Orc:1)
  An unseen horror (D:11)
  Psyche (D:10)
  The ghost of FreshCat the Shield-Bearer, a novice GrFi of Vehumet (D:5)
  A tengu conjurer (D:10)
  A troll (D:9)
  A meliai (D:10)
  Sigmund (D:4)
  A vampire (D:11)
  6 wraiths
  3 shadows
  2 wyverns
  17 yaks
  A yak (shapeshifter) (D:10)
  The ghost of paps the Slasher, an amateur DsGl (D:4)
  Menkaure (D:5)
  Edmund (D:4)
  3 water moccasins
  2 acid dragons
  An ice beast (D:5)
  10 orc warriors
  A sky beast (D:5)
  A black bear (D:6)
  7 ogres
  6 centaurs
  3 bullfrogs
  A kobold brigand (D:11)
  A wyvern zombie (D:8)
  3 scorpions
  2 gnoll sergeants
  22 killer bees
  A killer bee (shapeshifter) (D:10)
  A howler monkey (D:6)
  12 wights
  2 electric eels (D:10)
  A bullfrog zombie (D:6)
  9 centaur zombies
  3 hounds
  7 orc priests
  Terence (D:3)
  A gnoll shaman (D:7)
  3 jellies
  3 centaur skeletons
  4 iguanas
  A bullfrog skeleton (D:5)
  6 orc wizards
  3 spriggan simulacra (D:11)
  A troll simulacrum (D:11)
  Robin (D:3)
  6 adders
  7 gnolls
  A naga simulacrum (D:11)
  A shadow imp (D:3)
  An ufetubus (D:4)
  3 worms
  4 dart slugs
  33 orcs
  2 bats
  6 endoplasms
  3 giant cockroaches
  9 hobgoblins
  17 kobolds
  6 quokkas
  3 ball pythons
  5 frilled lizards
  13 goblins
  5 rats
  A butterfly (D:4)
303 creatures vanquished.

Vanquished Creatures (collateral kills)
  2 yaks (D:10)
2 creatures vanquished.

Vanquished Creatures (others)
  9 plants
9 creatures vanquished.

Grand Total: 314 creatures vanquished

Notes
Turn   | Place    | Note
-------+----------+-------------------------------------------
     0 | D:1      | Kala the Kobold Berserker began the quest for the Orb.
     0 | D:1      | Reached XP level 1. HP: 14/14 MP: 1/1
   190 | D:1      | Reached XP level 2. HP: 16/19 MP: 2/2
   696 | D:1      | Reached skill level 1 in Stealth
   795 | D:1      | Found a faded altar of an unknown god.
   875 | D:1      | Reached XP level 3. HP: 24/24 MP: 3/3
  1174 | D:2      | Found Leuq's General Store.
  1263 | D:2      | Found a radiant altar of Vehumet.
  1614 | D:2      | Reached ** piety under Trog
  1848 | D:3      | Reached skill level 1 in Crossbows
  2253 | D:3      | Reached XP level 4. HP: 16/29 MP: 4/4
  2491 | D:3      | Noticed Terence
  2499 | D:3      | Killed Terence
  2500 | D:3      | Reached skill level 5 in Short Blades
  2584 | D:3      | Reached XP level 5. HP: 28/33 MP: 5/5
  2949 | D:3      | Noticed Robin
  2961 | D:3      | Killed Robin
  3353 | D:4      | Noticed an ogre
  3355 | D:4      | Reached XP level 6. HP: 39/39 MP: 6/6
  3358 | D:4      | Killed an ogre
  3359 | D:4      | Reached skill level 6 in Short Blades
  3535 | D:4      | Found a transporter.
  3537 | D:4      | Noticed an ogre
  3538 | D:4      | Found a transporter.
  3538 | D:4      | Noticed paps's ghost (amateur DsGl)
  3547 | D:4      | Killed paps's ghost
  3548 | D:4      | Reached skill level 7 in Short Blades
  3548 | D:4      | Reached XP level 7. HP: 40/44 MP: 7/7
  3555 | D:4      | Reached *** piety under Trog
  4053 | D:4      | Reached skill level 5 in Fighting
  4320 | D:4      | Found a staircase to the Ecumenical Temple.
  4338 | Temple   | Entered the Ecumenical Temple
  4658 | D:4      | Noticed Edmund
  4663 | D:4      | Killed Edmund
  4664 | D:4      | Reached skill level 8 in Short Blades
  4664 | D:4      | Reached XP level 8. HP: 49/49 MP: 8/8
  4684 | D:4      | Noticed Sigmund
  4687 | D:4      | Killed Sigmund
  4871 | D:5      | Entered Level 5 of the Dungeon
  5020 | D:5      | Found a transporter.
  5021 | D:5      | Noticed FreshCat's ghost (novice GrFi)
  5027 | D:5      | Found a transporter.
  5119 | D:5      | Gained mutation: You are partially covered in iridescent
                  | scales. (AC +2) [potion of mutation]
  5119 | D:5      | Gained mutation: Your system is resistant to poisons.
                  | (rPois) [potion of mutation]
  5119 | D:5      | Gained mutation: You have a pair of small antennae on your
                  | head. [potion of mutation]
  5137 | D:5      | Noticed Menkaure
  5143 | D:5      | Killed Menkaure
  5144 | D:5      | Reached skill level 9 in Short Blades
  5144 | D:5      | Reached skill level 5 in Stealth
  5178 | D:5      | Reached XP level 9. HP: 45/55 MP: 6/9
  5990 | D:5      | Reached skill level 10 in Short Blades
  5995 | D:5      | Killed FreshCat's ghost
  6311 | D:6      | Reached skill level 5 in Crossbows
  6474 | D:6      | Reached skill level 11 in Short Blades
  6492 | D:6      | Reached XP level 10. HP: 35/61 MP: 6/10
  7761 | D:7      | Noticed Pikel
  7764 | D:7      | Reached **** piety under Trog
  7765 | D:7      | Reached skill level 12 in Short Blades
  7768 | D:7      | Killed Pikel
  7953 | D:8      | Identified a scroll of acquirement
  7953 | D:8      | Acquired the +4 arbalest "Beetle's Death" {freeze, Str+4}
  8137 | D:8      | Noticed a deep elf pyromancer
  8142 | D:8      | Reached skill level 13 in Short Blades
  8147 | D:8      | Killed a deep elf pyromancer
  8160 | D:8      | Reached XP level 11. HP: 68/68 MP: 9/11
  9220 | D:9      | Reached skill level 5 in Armour
  9221 | D:9      | Reached skill level 1 in Shields
  9233 | D:9      | Reached ***** piety under Trog
  9502 | D:9      | Reached skill level 14 in Short Blades
  9735 | D:9      | Found Oxaomot's Jewellery Boutique.
 10028 | D:9      | You fall into a shaft and drop 2 floors!
 10028 | D:11     | Found a frozen archway.
 10490 | D:11     | Found a staircase to the Orcish Mines.
 10785 | D:11     | Noticed a centaur warrior
 10789 | D:11     | Killed a centaur warrior
 10866 | D:11     | Received a gift from Trog
 11299 | D:11     | Reached skill level 10 in Stealth
 11566 | D:10     | Entered Level 10 of the Dungeon
 11623 | D:10     | Noticed a two-headed ogre
 11627 | D:10     | Killed a two-headed ogre
 11817 | D:10     | Reached skill level 5 in Dodging
 11832 | D:10     | Reached XP level 12. HP: 35/76 MP: 12/12
 12047 | D:10     | HP: 1/76 [cyclops (26)]
 12051 | D:10     | Reached skill level 15 in Short Blades
 12163 | D:10     | Noticed a centaur warrior
 12170 | D:10     | Noticed a two-headed ogre
 12182 | D:10     | Killed a two-headed ogre
 12294 | D:10     | Killed a centaur warrior
 12295 | D:10     | Reached skill level 5 in Shields
 12589 | D:10     | Noticed a boulder beetle
 12591 | D:10     | Noticed a five-headed hydra
 12616 | D:10     | Killed a boulder beetle
 12619 | D:10     | Killed a five-headed hydra
 12702 | D:10     | Noticed Psyche
 12706 | D:10     | Killed Psyche
 12995 | D:10     | Found a glowing silver altar of Zin.
 13400 | Orc:1    | Entered Level 1 of the Orcish Mines
 13410 | Orc:1    | Noticed Maurice
 13438 | Orc:1    | Killed Maurice
 13698 | Orc:1    | Found Koadok's Distillery.
 13735 | Orc:1    | Noticed Josephine
 13752 | Orc:1    | Killed Josephine
 13753 | Orc:1    | Reached skill level 10 in Fighting
 13753 | Orc:1    | Reached XP level 13. HP: 53/80 MP: 13/13
 14007 | Orc:1    | Found a dark tunnel.
 14773 | Orc:1    | Found a runed translucent door.
 14859 | Orc:1    | Noticed Tutankhamun's ghost (journeyman DsGl)
 14859 | Orc:1    | Found the +4 dagger "Morg" {pain, Will+ Int+5}
 14891 | Orc:1    | Killed Tutankhamun's ghost
 15024 | Orc:2    | Entered Level 2 of the Orcish Mines
 15032 | Orc:2    | Noticed an ettin
 15043 | Orc:2    | Slain by an ettin

Illustrated notes

Levels and vault maps discovered:
D:1:      erik_arrival_blinker_ship, layout_loops_ring,
          shapermc_ecumenical_altar_mp_ritualfount
D:2:      layout_basic, basic_altar, serial_shops, nicolae_shop_crystal
D:3:      layout_loops_cross, minmay_cupped, uniq_terence, uniq_robin
D:4:      layout_cave_pools, minmay_temple_entry_butterflies,
          gammafunk_ghost_arena, sigmund_edmund_badplayer
D:5:      layout_basic, gammafunk_ghost_smash, uniq_menkaure
D:6:      layout_basic, minmay_tree_intersection, grunt_potential
D:7:      layout_basic, palyth_stone_intersect, grunt_decor_one_mirror,
          minmay_manual_mail, uniq_pikel
D:8:      kennysheep_ambush_hall, layout_loops_ring
D:9:      layout_layer_cave, lair_entry_dummy, nicolae_stop_n_shop_2,
          dk_noncrumbling_4
D:10:     nzn_winding_woodlands_stair_cross [nzn_winding_woodlands_5x15_default,
          nzn_winding_woodlands_center_garden,
          nzn_winding_woodlands_5x15_river_crossing,
          nzn_winding_woodlands_5x5_cross, nzn_winding_woodlands_hourglass,
          nzn_winding_woodlands_5x15_twine,
          nzn_winding_woodlands_center_triple_pond,
          nzn_winding_woodlands_5x15_eye], layout_stronghold, zin_scriptorium,
          serial_glass, glass_columns_c, glass_columns_c, uniq_psyche
D:11:     layout_stronghold, orc_0_dummy, portal_ice_cave_entry_ice_simulacra
D:12:     layout_stronghold, uniq_jorgrun
Temple:   compressed_dpeg_triangle_lava_temple
Orc:1:    layout_caves, serial_shops, shop_statue,
          nicolae_volcano_entry_vermiform, ebering_ghost_reflecting_pool,
          uniq_maurice, uniq_josephine
Orc:2:    st_orc_congregation, layout_caves, uniq_sonja

Skill      XL: |  1  2  3  4  5  6  7  8  9 10 11 12 13 |
---------------+----------------------------------------+-----
Stealth        | 1 2 3 4 5 7 8 10 11 | 11.5
Crossbows      | 1 2 3 4 5 6 7 8 9 |  9.1
Fighting       | 4 5 6 8 9 10 | 10.2
Short Blades   | 5 7 8 9 11 13 14 15 | 15.8
Armour         | 2 3 4 5 6 |  6.2
Dodging        | 3 4 5 6 |  6.3
Shields        | 3 5 6 |  6.4
Evocations     | |  0.1

Action                   |  1- 3 |  4- 6 |  7- 9 | 10-12 | 13-15 || total
-------------------------+-------+-------+-------+-------+-------++-------
Melee: Short sword       |   113 |   144 |   216 |   643 |    37 ||  1153
       Dagger            |       |       |       |       |    60 ||    60
 Fire: Arbalest          |       |       |       |     6 |       ||     6
Invok: Berserk           |     2 |     4 |     6 |    14 |     2 ||    28
       Trog's Hand       |       |       |       |    11 |       ||    11
       Brothers in Arms  |       |       |       |     3 |       ||     3
Evoke: Wand              |       |       |       |     1 |       ||     1
  Use: Potion            |     2 |     2 |     3 |     5 |       ||    12
       Scroll            |       |       |     4 |    10 |       ||    14
 Stab: Sleeping          |     3 |     4 |     6 |    19 |       ||    32
       Paralysed         |       |       |       |     1 |       ||     1
Armor: Scale mail        |    28 |    52 |    54 |   111 |       ||   245
       Quicksilver drago |       |       |       |    88 |    18 ||   106
Dodge: Dodged            |    49 |    64 |    68 |   240 |    31 ||   452
Block: Kite shield       |       |       |       |   266 |    70 ||   336
       Reflection        |       |       |       |    13 |       ||    13
       Other             |       |       |       |     2 |       ||     2
